 Dungeon Crawl Stone Soup version 0.32-a0-814-g0968bab981 (webtiles) character file.

Game seed: 11465697164558012051

107 Elsrick the Firebug (level 4, -5/32 (34) HPs)
             Began as a Demigod Fire Elementalist on Mar 23, 2024.
             Slain by an orc priest
             ... wielding a +2 flail of draining
              (9 damage)
             ... on level 3 of the Dungeon.
             The game lasted 00:11:10 (2436 turns).

Elsrick the Firebug (Demigod Fire Elementalist)     Turns: 2436, Time: 00:11:11

HP:   -5/32 (34)    AC:  3    Str:  9    XL:     4   Next: 32%
MP:   1/10          EV: 11    Int: 21    God:
Gold: 158           SH:  0    Dex: 14    Spells: 4/7 levels left

rFire   . . .        c - +0 dagger
rCold   . . .        (no shield)
rNeg    . . .        a - +0 robe
rPois   .            (no helmet)
rElec   .            p - +0 cloak
rCorr   .            (no gloves)
SInv    .            (no boots)
Will    .....        (no amulet)
Stlth   ++           (no ring)
HPRegen 0.25/turn    (no ring)
MPRegen 0.12/turn

%: no passive effects
@: drained
A: high MP 1, forlorn, divine attributes
a: no special abilities


You were on level 3 of the Dungeon.
You visited 1 branch of the dungeon, and saw 3 of its levels.

You collected 158 gold pieces.

Inventory:

Hand Weapons
 c - a +0 dagger (weapon)
Missiles
 k - 7 poisoned darts (quivered)
 m - a throwing net
Armour
 a - a +0 robe (worn)
 p - a +0 cloak (worn)
Magical Staves
 o - a staff of air
Talismans
 d - a blade talisman
 f - a dragon-blood talisman
Scrolls
 g - 4 scrolls of identify {unknown}
 h - a scroll of fear {unknown}
 i - 2 scrolls of enchant weapon {unknown}
 j - a scroll of teleportation {unknown}
 l - a scroll of vulnerability {unknown}
 q - a scroll of enchant armour {unknown}
Potions
 b - a potion of magic
 e - 2 potions of degeneration {unknown}
 n - a potion of curing {unknown}


   Skills:
 + Level 0.3 Fighting
 + Level 2.3 Dodging
 + Level 2.2 Stealth
 + Level 2.4 Spellcasting
 + Level 1.3 Conjurations
 + Level 3.5 Fire Magic
 * Level 0.8 Shapeshifting


You had 4 spell levels left.
You knew the following spells:

 Your Spells              Type           Power      Damage    Failure   Level
a - Foxfire               Conj/Fire      48%        2x1d6     5%          1
b - Scorch                Fire           34%        2d6       4%          2

Your spell library contained the following spells:

 Spells                   Type           Power      Damage    Failure   Level
 Necrotise                Necr           8%         1d4       14%         1
 Inner Flame              Hex/Fire       10%        N/A       21%         3
 Volatile Blastmotes      Fire/Tloc      20%        2d11      21%         3
 Ensorcelled Hibernation  Hex/Ice        4%         N/A       22%         2
 Hailstorm                Conj/Ice       5%         3d5       32%         3
 Fugue of the Fallen      Necr           2%         N/A       38%         3
 Ozocubu's Armour         Ice            2%         N/A       38%         3
 Passwall                 Erth           2%         N/A       38%         3
 Summon Ice Beast         Ice/Summ       2%         N/A       38%         3
 Swiftness                Air            2%         N/A       38%         3
 Vampiric Draining        Necr           2%         2d6       38%         3
 Flame Wave               Conj/Fire      12%        2d6       45%         4
 Manifold Assault         Tloc           2%         N/A       80%         4
 Martyr's Knell           Necr/Summ      2%         N/A       80%         4
 Curse of Agony           Necr           2%         N/A       98%         5
 Permafrost Eruption      Ice/Erth       1%         2x4d2     100%        6
 Sculpt Simulacrum        Ice/Alch       1%         N/A       100%        6


Dungeon Overview and Level Annotations

Branches:
Dungeon (3/15)


Innate Abilities, Weirdness & Mutations

You have an increased reservoir of magic. (+10% MP)
You shall have no god before yourself.
Your divine heritage dramatically boosts your attributes as you level up.


Message History

You conjure some foxfire!
The orc priest hits you with a +0 whip.
Casting: Foxfire (safe; 5% risk of failure)
Confirm with . or Enter, or press ? or * to list all spells.
You conjure some foxfire!
The foxfire hits the orc priest.
The orc priest is moderately wounded.
The orc priest hits you with a +0 whip.
The orc priest mumbles some strange prayers to Beogh against you.
Beogh smites you!
Casting: Foxfire (safe; 5% risk of failure)
Confirm with . or Enter, or press ? or * to list all spells.
You conjure some foxfire!
The foxfire hits the orc priest but does no damage.
The orc priest is heavily wounded.
The foxfire hits the orc priest.
The orc priest is almost dead.
The foxfire hits the orc priest.
The orc priest is almost dead.
The orc priest barely misses you.
The orc priest hits you with a +2 flail of draining.
* * * LOW HITPOINT WARNING * * *
You feel drained.
* * * LOW HITPOINT WARNING * * *
Casting: Foxfire (safe; 5% risk of failure)
Confirm with . or Enter, or press ? or * to list all spells.
You conjure some foxfire!
The foxfire hits the orc priest but does no damage.
The orc priest is moderately wounded.
The orc priest hits you but does no damage.
The orc priest barely misses you.
Casting: Foxfire (safe; 5% risk of failure)
Confirm with . or Enter, or press ? or * to list all spells.
Flames lash the orc priest.
The orc priest is heavily wounded.
The orc priest's fire resistance burns away.
The foxfire hits the orc priest but does no damage.
The orc priest is almost dead.
The foxfire hits the orc priest.
You kill the orc priest!
The orc priest hits you with a +2 flail of draining!
You die...

#...........#
#.####
#.#########(#
#....# #.#
#######.####.....
#.#
#...........÷...#
#.#
#.###...÷....####
#.# #.#
#.#.####.# #
#.###.###.#.# #.#
# #[##§§.##.#.#
#.# #
#...@.......#
#.####
####)o.##.###
#..... ##)###.#
#.#### #)# #.#
#..... #.# #.#
###### #.# #.#
#.# #.# #.###.#
#.#...#


You could see an orc priest (combustible).

Vanquished Creatures
  An orc priest (D:3)
  A bombardier beetle (D:3)
  An adder (D:3)
  5 dart slugs
  2 orcs (D:3)
  2 bats
  4 endoplasms
  4 giant cockroaches
  4 hobgoblins
  3 jackals (D:1)
  6 kobolds
  4 quokkas
  4 ball pythons
  6 frilled lizards
  3 goblins
  5 rats
55 creatures vanquished.

Vanquished Creatures (others)
  144 foxfires
144 creatures vanquished.

Grand Total: 199 creatures vanquished

Notes
Turn   | Place    | Note
-------+----------+-------------------------------------------
     0 | D:1      | Elsrick the Demigod Fire Elementalist began the quest for
                  | the Orb.
     0 | D:1      | Reached XP level 1. HP: 14/14 MP: 5/5
   174 | D:1      | Reached skill level 3 in Fire Magic
   297 | D:1      | Reached XP level 2. HP: 4/20 MP: 4/7
   369 | D:1      | Learned a level 2 spell: Scorch
   922 | D:2      | Reached XP level 3. HP: 26/26 MP: 4/8
  1054 | D:2      | Reached skill level 1 in Conjurations
  1549 | D:3      | Reached XP level 4. HP: 34/34 MP: 0/10
  1755 | D:3      | Identified the +1 dagger of the Dark Horse {flame, Int+4
                  | Dex+3}
  2436 | D:3      | Slain by an orc priest

Illustrated notes

Levels and vault maps discovered:
D:1:      sevenhm_arrival_forest_fort_small_4, layout_rooms,
          ebering_ecumenical_altar_webs, minmay_misc_feat_nine_boxes
D:2:      layout_rooms
D:3:      layout_loops_ring, minmay_misc_feat_columns

Skill      XL: |  1  2  3 |
---------------+----------+-----
Fire Magic     | 3 |  3.5
Stealth        | 2 |  2.2
Dodging        | 2 |  2.3
Spellcasting   | 2 |  2.4
Conjurations   | 1 |  1.3
Fighting       | |  0.3
Shapeshifting  | |  0.8

Action                     |  1- 3 |  4- 6 || total
---------------------------+-------+-------++-------
  Melee: Unarmed           |    17 |       ||    17
         Dagger            |     6 |    18 ||    24
   Cast: Foxfire           |    61 |    27 ||    88
         Scorch            |     2 |     1 ||     3
 Armour: Robe              |    32 |    16 ||    48
  Dodge: Dodged            |    45 |    15 ||    60

Table legend: (Time is in decaauts)
 A = Elapsed time spent in this place.
 B = Non-inter-level travel time spent in this place.
 C = Inter-level travel time spent in this place.
 D = Time resting spent in this place.
 E = Time spent auto-exploring this place.
 F = Levels seen in this place.
 G = Mean time per level.
                   A        B        C        D        E       F      G
               +--------+--------+--------+--------+--------+-----+--------+
         Total |   2442 |   2424 |     18 |    565 |   1106 |   3 |  814.0 |
       Dungeon |   2442 |   2424 |     18 |    565 |   1106 |   3 |  814.0 |
               +--------+--------+--------+--------+--------+-----+--------+

Top non-repeatable levels by time:
     D:3: 1125 daAuts
     D:1: 873 daAuts
     D:2: 443 daAuts
